 Dungeon Crawl Stone Soup version 0.23.2-40-g277498a001 (webtiles) character file.

Game seed: 2489390987586265228

37 Gildeon the Grasshopper (level 3, -5/27 HPs)
             Began as a Human Warper on Oct 3, 2019.
             Killed from afar by an orc wizard (9 damage)
             ... with a puff of flame
             ... on level 2 of the Dungeon.
             The game lasted 00:14:34 (2186 turns).

Gildeon the Grasshopper (Human Warper)              Turns: 2186, Time: 00:14:35

Health: -5/27      AC:  7    Str: 12    XL:     3   Next: 60%
Magic:  6/6        EV: 11    Int: 13    God:
Gold:   78         SH:  0    Dex: 12    Spells: 0/7 levels left

rFire    . . .     SeeInvis .   a - +0 mace
rCold    . . .     Gourm    .   (no shield)
rNeg     . . .     Faith    .   j - +0 ring mail
rPois    +         Spirit   .   t - +0 helmet
rElec    .         Reflect  .   v - scarf {repulsion}
rCorr    .         Harm     .   m - +0 pair of gloves
MR       .....                  (no boots)
Stlth    +.........             (no amulet)
HPRegen  0.09/turn              o - ring of poison resistance
MPRegen  0.10/turn              (no ring)

@: very slightly contaminated, repel missiles
A: no striking features
a: no special abilities


You were on level 2 of the Dungeon.
You were not hungry.

You visited 1 branch of the dungeon, and saw 2 of its levels.

You collected 78 gold pieces.

Inventory:

Hand Weapons
 a - a +0 mace (weapon)
Missiles
 e - 4 tomahawks of dispersal (quivered)
Armour
 b - a +0 leather armour
 j - a +0 ring mail (worn)
 l - a +0 scale mail
 m - a +0 pair of gloves (worn)
 s - a +0 chain mail
 t - a +0 helmet (worn)
 v - a scarf of repulsion (worn)
Jewellery
 o - a ring of poison resistance (left hand)
Scrolls
 c - 4 scrolls of teleportation {unknown}
 g - a scroll of enchant armour {unknown}
 k - a scroll of remove curse {unknown}
Potions
 h - a potion of heal wounds {unknown}
 i - a potion of might {unknown}
 n - a potion of lignification {unknown}
 p - a potion of mutation {unknown}
 q - a potion of agility {unknown}
Comestibles
 f - 8 rations


   Skills:
 - Level 2.0 Fighting
 + Level 2.6 Maces & Flails
 - Level 1.0 Throwing
 - Level 1.0 Armour
 + Level 2.6 Dodging
 + Level 2.5 Spellcasting
 - Level 3.0 Translocations


You couldn't memorise any spells.
You knew the following spells:

 Your Spells              Type           Power        Failure   Level  Hunger
a - Blink                 Tloc           N/A          24%         2    ###....
b - Shroud of Golubria    Chrm/Tloc      #.........   41%         2    ###....
c - Gell's Gravitas       Tloc           #.........   43%         3    ###....

Your spell library contained the following spells:

 Spells                   Type           Power        Failure   Level  Hunger
 Lesser Beckoning         Tloc           #.........   43%         3    ###....
 Teleport Other           Tloc           #.......     43%         3    ###....
 Passage of Golubria      Tloc           N/A          85%         4    #####..


Dungeon Overview and Level Annotations

Branches:
Dungeon (2/15)

Altars:
Ashenzari


Message History

Something hits you but does no damage.
The orc wizard casts a cantrip, but nothing happens.
You barely miss the orc wizard.
The orc wizard is heavily wounded.
The orc wizard casts a spell at you. The puff of frost hits you.
* * * LOW HITPOINT WARNING * * *
Something hits you.
* * * LOW HITPOINT WARNING * * *
The orc wizard hits you but does no damage.
Something hits you but does no damage.
Blink to where?
Press: ? - help, Dir - move target cursor, p - orc wizard You are very lightly contaminated with residual magic.
As you read the scroll of blinking, it crumbles to dust.
There is an open door here.
The orc wizard begins to cast a cantrip, but forgets the words!
The orc wizard gestures at you while chanting.
The puff of flame hits you!
You die...

########...........#....#......##
......[......#.....#....#......+.
..........o..#####......#......##
.............+.................##
.............#........#...#..####
..#..........'........#......####
..#+######)..#...................
..[.........#........##..........
............#...@................
............#.............(......
............#....................
............#....................
............#....................
............#....................
.....###....#..).................
.....#...........................
.....#...........................


You could see an orc wizard.

Vanquished Creatures
  A worm (D:2)
  A dart slug (D:1)
  An orc (D:2)
  A bat (D:2)
  2 giant cockroaches
  8 hobgoblins
  2 jackals (D:2)
  A frilled lizard (D:1)
  4 goblins
  4 kobolds
  2 rats
27 creatures vanquished.

Notes
Turn   | Place    | Note
-------+----------+-------------------------------------------
     0 | D:1      | Gildeon the Human Warper began the quest for the Orb.
     0 | D:1      | Reached XP level 1. HP: 16/16 MP: 3/3
   640 | D:1      | Reached XP level 2. HP: 22/22 MP: 5/5
   654 | D:1      | Learned a level 2 spell: Blink
   657 | D:1      | Learned a level 2 spell: Shroud of Golubria
  1509 | D:2      | Reached XP level 3. HP: 14/27 MP: 6/6
  1867 | D:2      | Learned a level 3 spell: Gell's Gravitas
  2133 | D:2      | Found a shattered altar of Ashenzari.
  2186 | D:2      | Killed from afar by an orc wizard

Action                   || total
-------------------------++-------
Melee: Mace              ||    82
Throw: Javelin           ||    16
       Tomahawk          ||     1
  Use: Scroll            ||     1
  Eat: Chunk             ||     4
Armor: Leather armour    ||    16
       Ring mail         ||    13
Dodge: Dodged            ||    45
       Deflected         ||     3
